 Dungeon Crawl Stone Soup version 0.29-a0-459-g97dee8cd24 (webtiles) character file.

Game seed: 1331009078297146096

19 hquester the Grave Robber (level 2, 0/15 HPs)
             Began as a Deep Elf Necromancer on May 20, 2022.
             Slain by Terence
             ... wielding a +0 flail
              (8 damage)
             ... on level 2 of the Dungeon.
             The game lasted 00:05:48 (1039 turns).

hquester the Grave Robber (Deep Elf Necromancer)    Turns: 1039, Time: 00:05:48

Health: 0/15       AC:  3    Str:  5    XL:     2   Next: 55%
Magic:  4/8        EV: 13    Int: 19    God:
Gold:   54         SH:  0    Dex: 15    Spells: 6/7 levels left

rFire   . . .      SeeInvis .   e - +0 short sword
rCold   . . .      Faith    .   (no shield)
rNeg    . . .      Spirit   .   a - +0 robe
rPois   .          Reflect  .   (no helmet)
rElec   .          Harm     .   (no cloak)
rCorr   .          Rampage  .   d - +0 pair of gloves
Will    .....                   (no boots)
Stlth   ++........              (no amulet)
HPRegen 0.05/turn               (no ring)
MPRegen 0.11/turn               (no ring)

@: no status effects
A: no striking features
a: no special abilities


You were on level 2 of the Dungeon.
You visited 1 branch of the dungeon, and saw 2 of its levels.

You collected 54 gold pieces.

Inventory:

Hand Weapons
 e - a +0 short sword (weapon)
Armour
 a - a +0 robe (worn)
 d - a +0 pair of gloves (worn)
Scrolls
 c - a scroll of noise {unknown}
 f - a scroll of vulnerability {unknown}
 g - a scroll of fog {unknown}
 j - a scroll of identify {unknown}
Potions
 b - a potion of magic
 h - a potion of mutation {unknown}
 i - 2 potions of heal wounds {unknown}


   Skills:
 + Level 0.3 Short Blades
 + Level 2.7 Dodging
 + Level 2.9 Stealth
 * Level 3.4 Spellcasting
 + Level 5.0 Necromancy


You had 6 spell levels left.
You knew the following spells:

 Your Spells              Type           Power      Damage    Failure   Level
a - Necrotize             Necr           88%        1d8       1%          1

Your spell library contained the following spells:

 Spells                   Type           Power      Damage    Failure   Level
 Vampiric Draining        Necr           22%        2d7       5%          3
 Animate Dead             Necr           22%        N/A       19%         4
 Agony                    Necr           22%        N/A       45%         5


Dungeon Overview and Level Annotations

Branches:
Dungeon (2/15)

Altars:

Annotations:
D:2 Terence


Message History

Terence hits your hobgoblin skeleton with a +0 flail!
Your hobgoblin skeleton is destroyed!
Your frilled lizard skeleton bites Terence but does no damage.
Terence says, "Time to say good-bye..."
Your kobold skeleton hits Terence but does no damage.
Casting: Necrotize (safe; 1% risk of failure)
Confirm with . or Enter, or press ? or * to list all spells.
Okay, then.
Your frilled lizard skeleton crumbles into dust!
You see here 12 gold pieces.
Casting: Necrotize (safe; 1% risk of failure)
Confirm with . or Enter, or press ? or * to list all spells.
Aiming: Necrotize (safe; 1% risk of failure)
Press: ? - help, Shift-Dir - straight line, f/p - Terence
Aim: Terence, wielding a +0 flail and wearing a +0 chain mail (lightly wounded, ally target, chance to affect: 86%) Terence writhes in agony.
Your kobold skeleton hits Terence but does no damage.
Casting: Necrotize (safe; 1% risk of failure)
Confirm with . or Enter, or press ? or * to list all spells.
Aiming: Necrotize (safe; 1% risk of failure)
Press: ? - help, Shift-Dir - straight line, f/p - Terence
Aim: Terence, wielding a +0 flail and wearing a +0 chain mail (moderately wounded, ally target, chance to affect: 86%) Terence writhes in agony.
Your kobold skeleton hits Terence but does no damage.
You hit Terence but do no damage.
Terence is moderately wounded.
Terence hits you with a +0 flail!
You hit Terence but do no damage.
Terence is moderately wounded.
Your kobold skeleton hits Terence but does no damage.
Terence barely misses you.
You hit Terence but do no damage.
Terence is moderately wounded.
Terence misses you.
Your kobold skeleton barely misses Terence.
You completely miss Terence.
Terence is moderately wounded.
Terence hits you with a +0 flail!
Ouch! That really hurt!
You die...

#......... #........+ ######
.....##.# ##........# .....#
....##.# .........# .....#
#.#.##.#####........#
.....####.#..#.##......?....#
.......>..............!......
.....##.#.##.#.##.#<#.#.####
.....##............$.........
.....####.##.#..@@Z.#'#.#####
###### #+##............###
.....####!........
...............####
.....$.##......#
.......##......# #......
#......# #!.....# #.#+#.##


You could see Terence (ally target) and a friendly kobold skeleton.

Vanquished Creatures
  An endoplasm (D:1)
  A giant cockroach (D:1)
  A goblin (D:1)
  3 hobgoblins
  2 jackals (D:1)
  2 kobolds
  A quokka (D:1)
  A ball python (D:1)
  A frilled lizard (D:2)
  4 rats (D:1)
17 creatures vanquished.

Notes
Turn   | Place    | Note
-------+----------+-------------------------------------------
     0 | D:1      | hquester the Deep Elf Necromancer began the quest for the
                  | Orb.
     0 | D:1      | Reached XP level 1. HP: 10/10 MP: 6/6
   432 | D:1      | Reached skill level 5 in Necromancy
   432 | D:1      | Reached XP level 2. HP: 15/15 MP: 6/8
  1016 | D:2      | Noticed Terence
  1039 | D:2      | Slain by Terence

Illustrated notes

Levels and vault maps discovered:
D:1:      heliophobic_arrival_battle_scene, layout_basic
D:2:      layout_basic, uniq_natasha, uniq_terence

Skill      XL: |  1 |
---------------+----+-----
Necromancy     | 5 |  5.0
Short Blades   | |  0.3
Dodging        | |  2.7
Stealth        | |  2.9
Spellcasting   | |  3.4

Action                   || total
-------------------------++-------
Melee: Short sword       ||     5
 Cast: Necrotize         ||    27
 Stab: Sleeping          ||     1
Dodge: Dodged            ||     3

Table legend: (Time is in decaauts)
 A = Elapsed time spent in this place.
 B = Non-inter-level travel time spent in this place.
 C = Inter-level travel time spent in this place.
 D = Time resting spent in this place.
 E = Time spent auto-exploring this place.
 F = Levels seen in this place.
 G = Mean time per level.
                   A        B        C        D        E       F      G
               +--------+--------+--------+--------+--------+-----+--------+
         Total |   1038 |    983 |     55 |     35 |    732 |   2 |  519.0 |
       Dungeon |   1038 |    983 |     55 |     35 |    732 |   2 |  519.0 |
               +--------+--------+--------+--------+--------+-----+--------+

Top non-repeatable levels by time:
     D:1: 965 daAuts
     D:2: 73 daAuts
